Workbook

Sheet Pipeline
A1: Oportunidad | B1: Proyecto | C1: Asesor | D1: Etapa | E1: Valor | F1: Probabilidad | G1: Valor ponderado | H1: Mes estimado de cierre | I1: Próximo paso
A2: Oportunidad 1 | B2: Proyecto Ejemplo | C2: Asesor 1 | D2: Apartado | E2: 180000 | F2: =IF(D2="","",IFERROR(VLOOKUP(D2,Probabilidades!$A$2:$B$30,2,FALSE),"")) | G2: =IF(OR(E2="",F2=""),"",E2*F2) | H2: 46310 | I2: Confirmar la fecha de firma del contrato
A3: Oportunidad 2 | B3: Proyecto Ejemplo | C3: Asesor 2 | D3: Cotización | E3: 150000 | F3: =IF(D3="","",IFERROR(VLOOKUP(D3,Probabilidades!$A$2:$B$30,2,FALSE),"")) | G3: =IF(OR(E3="",F3=""),"",E3*F3) | H3: 46315 | I3: Llamar para resolver dudas de la cotización
A4: Oportunidad 3 | B4: Proyecto Ejemplo | C4: Asesor 1 | D4: Cotización | E4: 210000 | F4: =IF(D4="","",IFERROR(VLOOKUP(D4,Probabilidades!$A$2:$B$30,2,FALSE),"")) | G4: =IF(OR(E4="",F4=""),"",E4*F4) | H4: 46336 | I4: Enviar el plan de pagos ajustado
A5: Oportunidad 4 | B5: Proyecto Ejemplo | C5: Asesor 3 | D5: Visita realizada | E5: 120000 | F5: =IF(D5="","",IFERROR(VLOOKUP(D5,Probabilidades!$A$2:$B$30,2,FALSE),"")) | G5: =IF(OR(E5="",F5=""),"",E5*F5) | H5: 46351 | I5: Enviar la cotización de la unidad elegida
A6: Oportunidad 5 | B6: Proyecto Ejemplo | C6: Asesor 2 | D6: Visita agendada | E6: 160000 | F6: =IF(D6="","",IFERROR(VLOOKUP(D6,Probabilidades!$A$2:$B$30,2,FALSE),"")) | G6: =IF(OR(E6="",F6=""),"",E6*F6) | H6: 46361 | I6: Confirmar la visita un día antes
A7: Oportunidad 6 | B7: Proyecto Ejemplo | C7: Asesor 3 | D7: Calificado | E7: 140000 | F7: =IF(D7="","",IFERROR(VLOOKUP(D7,Probabilidades!$A$2:$B$30,2,FALSE),"")) | G7: =IF(OR(E7="",F7=""),"",E7*F7) | H7: 46371 | I7: Proponer fecha y hora de visita
F8: =IF(D8="","",IFERROR(VLOOKUP(D8,Probabilidades!$A$2:$B$30,2,FALSE),"")) | G8: =IF(OR(E8="",F8=""),"",E8*F8)
F9: =IF(D9="","",IFERROR(VLOOKUP(D9,Probabilidades!$A$2:$B$30,2,FALSE),"")) | G9: =IF(OR(E9="",F9=""),"",E9*F9)
F10: =IF(D10="","",IFERROR(VLOOKUP(D10,Probabilidades!$A$2:$B$30,2,FALSE),"")) | G10: =IF(OR(E10="",F10=""),"",E10*F10)
F11: =IF(D11="","",IFERROR(VLOOKUP(D11,Probabilidades!$A$2:$B$30,2,FALSE),"")) | G11: =IF(OR(E11="",F11=""),"",E11*F11)
F12: =IF(D12="","",IFERROR(VLOOKUP(D12,Probabilidades!$A$2:$B$30,2,FALSE),"")) | G12: =IF(OR(E12="",F12=""),"",E12*F12)
F13: =IF(D13="","",IFERROR(VLOOKUP(D13,Probabilidades!$A$2:$B$30,2,FALSE),"")) | G13: =IF(OR(E13="",F13=""),"",E13*F13)
F14: =IF(D14="","",IFERROR(VLOOKUP(D14,Probabilidades!$A$2:$B$30,2,FALSE),"")) | G14: =IF(OR(E14="",F14=""),"",E14*F14)
F15: =IF(D15="","",IFERROR(VLOOKUP(D15,Probabilidades!$A$2:$B$30,2,FALSE),"")) | G15: =IF(OR(E15="",F15=""),"",E15*F15)
F16: =IF(D16="","",IFERROR(VLOOKUP(D16,Probabilidades!$A$2:$B$30,2,FALSE),"")) | G16: =IF(OR(E16="",F16=""),"",E16*F16)
F17: =IF(D17="","",IFERROR(VLOOKUP(D17,Probabilidades!$A$2:$B$30,2,FALSE),"")) | G17: =IF(OR(E17="",F17=""),"",E17*F17)
F18: =IF(D18="","",IFERROR(VLOOKUP(D18,Probabilidades!$A$2:$B$30,2,FALSE),"")) | G18: =IF(OR(E18="",F18=""),"",E18*F18)
F19: =IF(D19="","",IFERROR(VLOOKUP(D19,Probabilidades!$A$2:$B$30,2,FALSE),"")) | G19: =IF(OR(E19="",F19=""),"",E19*F19)
... F107: =IF(D107="","",IFERROR(VLOOKUP(D107,Probabilidades!$A$2:$B$30,2,FALSE),"")) | G107: =IF(OR(E107="",F107=""),"",E107*F107)

Sheet Probabilidades
A1: Etapa | B1: Probabilidad | C1: Criterio para estar en esta etapa
A2: Lead nuevo | B2: 0 | C2: Entró un contacto con nombre y teléfono o email
A3: Contactado | B3: 0 | C3: Hubo una conversación de ida y vuelta con el prospecto
A4: Calificado | B4: 0.1 | C4: Presupuesto, plazo, zona y forma de pago encajan con la oferta
A5: Visita agendada | B5: 0.15 | C5: La visita tiene fecha y hora confirmadas
A6: Visita realizada | B6: 0.25 | C6: La visita ocurrió y quedó registrada
A7: Cotización | B7: 0.4 | C7: Recibió una cotización de una unidad concreta
A8: Apartado | B8: 0.85 | C8: Firmó y pagó el apartado (separación o reserva)
A9: Venta | B9: 1 | C9: Firmó el documento que tu empresa define como venta
A10: Perdida | B10: 0 | C10: Se cerró sin venta, con un motivo registrado

Sheet Resumen
A1: Mes | B1: Oportunidades | C1: Valor del pipeline | D1: Pronóstico ponderado | E1: Apartado o vendido | F1: Meta del mes | G1: Diferencia contra la meta
A2: 46296 | B2: =IF($A2="","",COUNTIFS(Pipeline!$H:$H,">="&$A2,Pipeline!$H:$H,"<="&EOMONTH($A2,0),Pipeline!$D:$D,"<>Perdida")) | C2: =IF($A2="","",SUMIFS(Pipeline!$E:$E,Pipeline!$H:$H,">="&$A2,Pipeline!$H:$H,"<="&EOMONTH($A2,0),Pipeline!$D:$D,"<>Perdida")) | D2: =IF($A2="","",SUMIFS(Pipeline!$G:$G,Pipeline!$H:$H,">="&$A2,Pipeline!$H:$H,"<="&EOMONTH($A2,0))) | E2: =IF($A2="","",SUMIFS(Pipeline!$E:$E,Pipeline!$H:$H,">="&$A2,Pipeline!$H:$H,"<="&EOMONTH($A2,0),Pipeline!$D:$D,"Apartado")+SUMIFS(Pipeline!$E:$E,Pipeline!$H:$H,">="&$A2,Pipeline!$H:$H,"<="&EOMONTH($A2,0),Pipeline!$D:$D,"Venta")) | G2: =IF(OR($A2="",F2=""),"",D2-F2)
A3: 46327 | B3: =IF($A3="","",COUNTIFS(Pipeline!$H:$H,">="&$A3,Pipeline!$H:$H,"<="&EOMONTH($A3,0),Pipeline!$D:$D,"<>Perdida")) | C3: =IF($A3="","",SUMIFS(Pipeline!$E:$E,Pipeline!$H:$H,">="&$A3,Pipeline!$H:$H,"<="&EOMONTH($A3,0),Pipeline!$D:$D,"<>Perdida")) | D3: =IF($A3="","",SUMIFS(Pipeline!$G:$G,Pipeline!$H:$H,">="&$A3,Pipeline!$H:$H,"<="&EOMONTH($A3,0))) | E3: =IF($A3="","",SUMIFS(Pipeline!$E:$E,Pipeline!$H:$H,">="&$A3,Pipeline!$H:$H,"<="&EOMONTH($A3,0),Pipeline!$D:$D,"Apartado")+SUMIFS(Pipeline!$E:$E,Pipeline!$H:$H,">="&$A3,Pipeline!$H:$H,"<="&EOMONTH($A3,0),Pipeline!$D:$D,"Venta")) | G3: =IF(OR($A3="",F3=""),"",D3-F3)
A4: 46357 | B4: =IF($A4="","",COUNTIFS(Pipeline!$H:$H,">="&$A4,Pipeline!$H:$H,"<="&EOMONTH($A4,0),Pipeline!$D:$D,"<>Perdida")) | C4: =IF($A4="","",SUMIFS(Pipeline!$E:$E,Pipeline!$H:$H,">="&$A4,Pipeline!$H:$H,"<="&EOMONTH($A4,0),Pipeline!$D:$D,"<>Perdida")) | D4: =IF($A4="","",SUMIFS(Pipeline!$G:$G,Pipeline!$H:$H,">="&$A4,Pipeline!$H:$H,"<="&EOMONTH($A4,0))) | E4: =IF($A4="","",SUMIFS(Pipeline!$E:$E,Pipeline!$H:$H,">="&$A4,Pipeline!$H:$H,"<="&EOMONTH($A4,0),Pipeline!$D:$D,"Apartado")+SUMIFS(Pipeline!$E:$E,Pipeline!$H:$H,">="&$A4,Pipeline!$H:$H,"<="&EOMONTH($A4,0),Pipeline!$D:$D,"Venta")) | G4: =IF(OR($A4="",F4=""),"",D4-F4)
A5: 46388 | B5: =IF($A5="","",COUNTIFS(Pipeline!$H:$H,">="&$A5,Pipeline!$H:$H,"<="&EOMONTH($A5,0),Pipeline!$D:$D,"<>Perdida")) | C5: =IF($A5="","",SUMIFS(Pipeline!$E:$E,Pipeline!$H:$H,">="&$A5,Pipeline!$H:$H,"<="&EOMONTH($A5,0),Pipeline!$D:$D,"<>Perdida")) | D5: =IF($A5="","",SUMIFS(Pipeline!$G:$G,Pipeline!$H:$H,">="&$A5,Pipeline!$H:$H,"<="&EOMONTH($A5,0))) | E5: =IF($A5="","",SUMIFS(Pipeline!$E:$E,Pipeline!$H:$H,">="&$A5,Pipeline!$H:$H,"<="&EOMONTH($A5,0),Pipeline!$D:$D,"Apartado")+SUMIFS(Pipeline!$E:$E,Pipeline!$H:$H,">="&$A5,Pipeline!$H:$H,"<="&EOMONTH($A5,0),Pipeline!$D:$D,"Venta")) | G5: =IF(OR($A5="",F5=""),"",D5-F5)
A6: 46419 | B6: =IF($A6="","",COUNTIFS(Pipeline!$H:$H,">="&$A6,Pipeline!$H:$H,"<="&EOMONTH($A6,0),Pipeline!$D:$D,"<>Perdida")) | C6: =IF($A6="","",SUMIFS(Pipeline!$E:$E,Pipeline!$H:$H,">="&$A6,Pipeline!$H:$H,"<="&EOMONTH($A6,0),Pipeline!$D:$D,"<>Perdida")) | D6: =IF($A6="","",SUMIFS(Pipeline!$G:$G,Pipeline!$H:$H,">="&$A6,Pipeline!$H:$H,"<="&EOMONTH($A6,0))) | E6: =IF($A6="","",SUMIFS(Pipeline!$E:$E,Pipeline!$H:$H,">="&$A6,Pipeline!$H:$H,"<="&EOMONTH($A6,0),Pipeline!$D:$D,"Apartado")+SUMIFS(Pipeline!$E:$E,Pipeline!$H:$H,">="&$A6,Pipeline!$H:$H,"<="&EOMONTH($A6,0),Pipeline!$D:$D,"Venta")) | G6: =IF(OR($A6="",F6=""),"",D6-F6)
A7: 46447 | B7: =IF($A7="","",COUNTIFS(Pipeline!$H:$H,">="&$A7,Pipeline!$H:$H,"<="&EOMONTH($A7,0),Pipeline!$D:$D,"<>Perdida")) | C7: =IF($A7="","",SUMIFS(Pipeline!$E:$E,Pipeline!$H:$H,">="&$A7,Pipeline!$H:$H,"<="&EOMONTH($A7,0),Pipeline!$D:$D,"<>Perdida")) | D7: =IF($A7="","",SUMIFS(Pipeline!$G:$G,Pipeline!$H:$H,">="&$A7,Pipeline!$H:$H,"<="&EOMONTH($A7,0))) | E7: =IF($A7="","",SUMIFS(Pipeline!$E:$E,Pipeline!$H:$H,">="&$A7,Pipeline!$H:$H,"<="&EOMONTH($A7,0),Pipeline!$D:$D,"Apartado")+SUMIFS(Pipeline!$E:$E,Pipeline!$H:$H,">="&$A7,Pipeline!$H:$H,"<="&EOMONTH($A7,0),Pipeline!$D:$D,"Venta")) | G7: =IF(OR($A7="",F7=""),"",D7-F7)
A8: 46478 | B8: =IF($A8="","",COUNTIFS(Pipeline!$H:$H,">="&$A8,Pipeline!$H:$H,"<="&EOMONTH($A8,0),Pipeline!$D:$D,"<>Perdida")) | C8: =IF($A8="","",SUMIFS(Pipeline!$E:$E,Pipeline!$H:$H,">="&$A8,Pipeline!$H:$H,"<="&EOMONTH($A8,0),Pipeline!$D:$D,"<>Perdida")) | D8: =IF($A8="","",SUMIFS(Pipeline!$G:$G,Pipeline!$H:$H,">="&$A8,Pipeline!$H:$H,"<="&EOMONTH($A8,0))) | E8: =IF($A8="","",SUMIFS(Pipeline!$E:$E,Pipeline!$H:$H,">="&$A8,Pipeline!$H:$H,"<="&EOMONTH($A8,0),Pipeline!$D:$D,"Apartado")+SUMIFS(Pipeline!$E:$E,Pipeline!$H:$H,">="&$A8,Pipeline!$H:$H,"<="&EOMONTH($A8,0),Pipeline!$D:$D,"Venta")) | G8: =IF(OR($A8="",F8=""),"",D8-F8)
A9: 46508 | B9: =IF($A9="","",COUNTIFS(Pipeline!$H:$H,">="&$A9,Pipeline!$H:$H,"<="&EOMONTH($A9,0),Pipeline!$D:$D,"<>Perdida")) | C9: =IF($A9="","",SUMIFS(Pipeline!$E:$E,Pipeline!$H:$H,">="&$A9,Pipeline!$H:$H,"<="&EOMONTH($A9,0),Pipeline!$D:$D,"<>Perdida")) | D9: =IF($A9="","",SUMIFS(Pipeline!$G:$G,Pipeline!$H:$H,">="&$A9,Pipeline!$H:$H,"<="&EOMONTH($A9,0))) | E9: =IF($A9="","",SUMIFS(Pipeline!$E:$E,Pipeline!$H:$H,">="&$A9,Pipeline!$H:$H,"<="&EOMONTH($A9,0),Pipeline!$D:$D,"Apartado")+SUMIFS(Pipeline!$E:$E,Pipeline!$H:$H,">="&$A9,Pipeline!$H:$H,"<="&EOMONTH($A9,0),Pipeline!$D:$D,"Venta")) | G9: =IF(OR($A9="",F9=""),"",D9-F9)
A10: 46539 | B10: =IF($A10="","",COUNTIFS(Pipeline!$H:$H,">="&$A10,Pipeline!$H:$H,"<="&EOMONTH($A10,0),Pipeline!$D:$D,"<>Perdida")) | C10: =IF($A10="","",SUMIFS(Pipeline!$E:$E,Pipeline!$H:$H,">="&$A10,Pipeline!$H:$H,"<="&EOMONTH($A10,0),Pipeline!$D:$D,"<>Perdida")) | D10: =IF($A10="","",SUMIFS(Pipeline!$G:$G,Pipeline!$H:$H,">="&$A10,Pipeline!$H:$H,"<="&EOMONTH($A10,0))) | E10: =IF($A10="","",SUMIFS(Pipeline!$E:$E,Pipeline!$H:$H,">="&$A10,Pipeline!$H:$H,"<="&EOMONTH($A10,0),Pipeline!$D:$D,"Apartado")+SUMIFS(Pipeline!$E:$E,Pipeline!$H:$H,">="&$A10,Pipeline!$H:$H,"<="&EOMONTH($A10,0),Pipeline!$D:$D,"Venta")) | G10: =IF(OR($A10="",F10=""),"",D10-F10)
A11: 46569 | B11: =IF($A11="","",COUNTIFS(Pipeline!$H:$H,">="&$A11,Pipeline!$H:$H,"<="&EOMONTH($A11,0),Pipeline!$D:$D,"<>Perdida")) | C11: =IF($A11="","",SUMIFS(Pipeline!$E:$E,Pipeline!$H:$H,">="&$A11,Pipeline!$H:$H,"<="&EOMONTH($A11,0),Pipeline!$D:$D,"<>Perdida")) | D11: =IF($A11="","",SUMIFS(Pipeline!$G:$G,Pipeline!$H:$H,">="&$A11,Pipeline!$H:$H,"<="&EOMONTH($A11,0))) | E11: =IF($A11="","",SUMIFS(Pipeline!$E:$E,Pipeline!$H:$H,">="&$A11,Pipeline!$H:$H,"<="&EOMONTH($A11,0),Pipeline!$D:$D,"Apartado")+SUMIFS(Pipeline!$E:$E,Pipeline!$H:$H,">="&$A11,Pipeline!$H:$H,"<="&EOMONTH($A11,0),Pipeline!$D:$D,"Venta")) | G11: =IF(OR($A11="",F11=""),"",D11-F11)
A12: 46600 | B12: =IF($A12="","",COUNTIFS(Pipeline!$H:$H,">="&$A12,Pipeline!$H:$H,"<="&EOMONTH($A12,0),Pipeline!$D:$D,"<>Perdida")) | C12: =IF($A12="","",SUMIFS(Pipeline!$E:$E,Pipeline!$H:$H,">="&$A12,Pipeline!$H:$H,"<="&EOMONTH($A12,0),Pipeline!$D:$D,"<>Perdida")) | D12: =IF($A12="","",SUMIFS(Pipeline!$G:$G,Pipeline!$H:$H,">="&$A12,Pipeline!$H:$H,"<="&EOMONTH($A12,0))) | E12: =IF($A12="","",SUMIFS(Pipeline!$E:$E,Pipeline!$H:$H,">="&$A12,Pipeline!$H:$H,"<="&EOMONTH($A12,0),Pipeline!$D:$D,"Apartado")+SUMIFS(Pipeline!$E:$E,Pipeline!$H:$H,">="&$A12,Pipeline!$H:$H,"<="&EOMONTH($A12,0),Pipeline!$D:$D,"Venta")) | G12: =IF(OR($A12="",F12=""),"",D12-F12)
A13: 46631 | B13: =IF($A13="","",COUNTIFS(Pipeline!$H:$H,">="&$A13,Pipeline!$H:$H,"<="&EOMONTH($A13,0),Pipeline!$D:$D,"<>Perdida")) | C13: =IF($A13="","",SUMIFS(Pipeline!$E:$E,Pipeline!$H:$H,">="&$A13,Pipeline!$H:$H,"<="&EOMONTH($A13,0),Pipeline!$D:$D,"<>Perdida")) | D13: =IF($A13="","",SUMIFS(Pipeline!$G:$G,Pipeline!$H:$H,">="&$A13,Pipeline!$H:$H,"<="&EOMONTH($A13,0))) | E13: =IF($A13="","",SUMIFS(Pipeline!$E:$E,Pipeline!$H:$H,">="&$A13,Pipeline!$H:$H,"<="&EOMONTH($A13,0),Pipeline!$D:$D,"Apartado")+SUMIFS(Pipeline!$E:$E,Pipeline!$H:$H,">="&$A13,Pipeline!$H:$H,"<="&EOMONTH($A13,0),Pipeline!$D:$D,"Venta")) | G13: =IF(OR($A13="",F13=""),"",D13-F13)
B14: =IF($A14="","",COUNTIFS(Pipeline!$H:$H,">="&$A14,Pipeline!$H:$H,"<="&EOMONTH($A14,0),Pipeline!$D:$D,"<>Perdida")) | C14: =IF($A14="","",SUMIFS(Pipeline!$E:$E,Pipeline!$H:$H,">="&$A14,Pipeline!$H:$H,"<="&EOMONTH($A14,0),Pipeline!$D:$D,"<>Perdida")) | D14: =IF($A14="","",SUMIFS(Pipeline!$G:$G,Pipeline!$H:$H,">="&$A14,Pipeline!$H:$H,"<="&EOMONTH($A14,0))) | E14: =IF($A14="","",SUMIFS(Pipeline!$E:$E,Pipeline!$H:$H,">="&$A14,Pipeline!$H:$H,"<="&EOMONTH($A14,0),Pipeline!$D:$D,"Apartado")+SUMIFS(Pipeline!$E:$E,Pipeline!$H:$H,">="&$A14,Pipeline!$H:$H,"<="&EOMONTH($A14,0),Pipeline!$D:$D,"Venta")) | G14: =IF(OR($A14="",F14=""),"",D14-F14)
B15: =IF($A15="","",COUNTIFS(Pipeline!$H:$H,">="&$A15,Pipeline!$H:$H,"<="&EOMONTH($A15,0),Pipeline!$D:$D,"<>Perdida")) | C15: =IF($A15="","",SUMIFS(Pipeline!$E:$E,Pipeline!$H:$H,">="&$A15,Pipeline!$H:$H,"<="&EOMONTH($A15,0),Pipeline!$D:$D,"<>Perdida")) | D15: =IF($A15="","",SUMIFS(Pipeline!$G:$G,Pipeline!$H:$H,">="&$A15,Pipeline!$H:$H,"<="&EOMONTH($A15,0))) | E15: =IF($A15="","",SUMIFS(Pipeline!$E:$E,Pipeline!$H:$H,">="&$A15,Pipeline!$H:$H,"<="&EOMONTH($A15,0),Pipeline!$D:$D,"Apartado")+SUMIFS(Pipeline!$E:$E,Pipeline!$H:$H,">="&$A15,Pipeline!$H:$H,"<="&EOMONTH($A15,0),Pipeline!$D:$D,"Venta")) | G15: =IF(OR($A15="",F15=""),"",D15-F15)
B16: =IF($A16="","",COUNTIFS(Pipeline!$H:$H,">="&$A16,Pipeline!$H:$H,"<="&EOMONTH($A16,0),Pipeline!$D:$D,"<>Perdida")) | C16: =IF($A16="","",SUMIFS(Pipeline!$E:$E,Pipeline!$H:$H,">="&$A16,Pipeline!$H:$H,"<="&EOMONTH($A16,0),Pipeline!$D:$D,"<>Perdida")) | D16: =IF($A16="","",SUMIFS(Pipeline!$G:$G,Pipeline!$H:$H,">="&$A16,Pipeline!$H:$H,"<="&EOMONTH($A16,0))) | E16: =IF($A16="","",SUMIFS(Pipeline!$E:$E,Pipeline!$H:$H,">="&$A16,Pipeline!$H:$H,"<="&EOMONTH($A16,0),Pipeline!$D:$D,"Apartado")+SUMIFS(Pipeline!$E:$E,Pipeline!$H:$H,">="&$A16,Pipeline!$H:$H,"<="&EOMONTH($A16,0),Pipeline!$D:$D,"Venta")) | G16: =IF(OR($A16="",F16=""),"",D16-F16)
B17: =IF($A17="","",COUNTIFS(Pipeline!$H:$H,">="&$A17,Pipeline!$H:$H,"<="&EOMONTH($A17,0),Pipeline!$D:$D,"<>Perdida")) | C17: =IF($A17="","",SUMIFS(Pipeline!$E:$E,Pipeline!$H:$H,">="&$A17,Pipeline!$H:$H,"<="&EOMONTH($A17,0),Pipeline!$D:$D,"<>Perdida")) | D17: =IF($A17="","",SUMIFS(Pipeline!$G:$G,Pipeline!$H:$H,">="&$A17,Pipeline!$H:$H,"<="&EOMONTH($A17,0))) | E17: =IF($A17="","",SUMIFS(Pipeline!$E:$E,Pipeline!$H:$H,">="&$A17,Pipeline!$H:$H,"<="&EOMONTH($A17,0),Pipeline!$D:$D,"Apartado")+SUMIFS(Pipeline!$E:$E,Pipeline!$H:$H,">="&$A17,Pipeline!$H:$H,"<="&EOMONTH($A17,0),Pipeline!$D:$D,"Venta")) | G17: =IF(OR($A17="",F17=""),"",D17-F17)
B18: =IF($A18="","",COUNTIFS(Pipeline!$H:$H,">="&$A18,Pipeline!$H:$H,"<="&EOMONTH($A18,0),Pipeline!$D:$D,"<>Perdida")) | C18: =IF($A18="","",SUMIFS(Pipeline!$E:$E,Pipeline!$H:$H,">="&$A18,Pipeline!$H:$H,"<="&EOMONTH($A18,0),Pipeline!$D:$D,"<>Perdida")) | D18: =IF($A18="","",SUMIFS(Pipeline!$G:$G,Pipeline!$H:$H,">="&$A18,Pipeline!$H:$H,"<="&EOMONTH($A18,0))) | E18: =IF($A18="","",SUMIFS(Pipeline!$E:$E,Pipeline!$H:$H,">="&$A18,Pipeline!$H:$H,"<="&EOMONTH($A18,0),Pipeline!$D:$D,"Apartado")+SUMIFS(Pipeline!$E:$E,Pipeline!$H:$H,">="&$A18,Pipeline!$H:$H,"<="&EOMONTH($A18,0),Pipeline!$D:$D,"Venta")) | G18: =IF(OR($A18="",F18=""),"",D18-F18)
B19: =IF($A19="","",COUNTIFS(Pipeline!$H:$H,">="&$A19,Pipeline!$H:$H,"<="&EOMONTH($A19,0),Pipeline!$D:$D,"<>Perdida")) | C19: =IF($A19="","",SUMIFS(Pipeline!$E:$E,Pipeline!$H:$H,">="&$A19,Pipeline!$H:$H,"<="&EOMONTH($A19,0),Pipeline!$D:$D,"<>Perdida")) | D19: =IF($A19="","",SUMIFS(Pipeline!$G:$G,Pipeline!$H:$H,">="&$A19,Pipeline!$H:$H,"<="&EOMONTH($A19,0))) | E19: =IF($A19="","",SUMIFS(Pipeline!$E:$E,Pipeline!$H:$H,">="&$A19,Pipeline!$H:$H,"<="&EOMONTH($A19,0),Pipeline!$D:$D,"Apartado")+SUMIFS(Pipeline!$E:$E,Pipeline!$H:$H,">="&$A19,Pipeline!$H:$H,"<="&EOMONTH($A19,0),Pipeline!$D:$D,"Venta")) | G19: =IF(OR($A19="",F19=""),"",D19-F19)
B20: =IF($A20="","",COUNTIFS(Pipeline!$H:$H,">="&$A20,Pipeline!$H:$H,"<="&EOMONTH($A20,0),Pipeline!$D:$D,"<>Perdida")) | C20: =IF($A20="","",SUMIFS(Pipeline!$E:$E,Pipeline!$H:$H,">="&$A20,Pipeline!$H:$H,"<="&EOMONTH($A20,0),Pipeline!$D:$D,"<>Perdida")) | D20: =IF($A20="","",SUMIFS(Pipeline!$G:$G,Pipeline!$H:$H,">="&$A20,Pipeline!$H:$H,"<="&EOMONTH($A20,0))) | E20: =IF($A20="","",SUMIFS(Pipeline!$E:$E,Pipeline!$H:$H,">="&$A20,Pipeline!$H:$H,"<="&EOMONTH($A20,0),Pipeline!$D:$D,"Apartado")+SUMIFS(Pipeline!$E:$E,Pipeline!$H:$H,">="&$A20,Pipeline!$H:$H,"<="&EOMONTH($A20,0),Pipeline!$D:$D,"Venta")) | G20: =IF(OR($A20="",F20=""),"",D20-F20)
B21: =IF($A21="","",COUNTIFS(Pipeline!$H:$H,">="&$A21,Pipeline!$H:$H,"<="&EOMONTH($A21,0),Pipeline!$D:$D,"<>Perdida")) | C21: =IF($A21="","",SUMIFS(Pipeline!$E:$E,Pipeline!$H:$H,">="&$A21,Pipeline!$H:$H,"<="&EOMONTH($A21,0),Pipeline!$D:$D,"<>Perdida")) | D21: =IF($A21="","",SUMIFS(Pipeline!$G:$G,Pipeline!$H:$H,">="&$A21,Pipeline!$H:$H,"<="&EOMONTH($A21,0))) | E21: =IF($A21="","",SUMIFS(Pipeline!$E:$E,Pipeline!$H:$H,">="&$A21,Pipeline!$H:$H,"<="&EOMONTH($A21,0),Pipeline!$D:$D,"Apartado")+SUMIFS(Pipeline!$E:$E,Pipeline!$H:$H,">="&$A21,Pipeline!$H:$H,"<="&EOMONTH($A21,0),Pipeline!$D:$D,"Venta")) | G21: =IF(OR($A21="",F21=""),"",D21-F21)
B22: =IF($A22="","",COUNTIFS(Pipeline!$H:$H,">="&$A22,Pipeline!$H:$H,"<="&EOMONTH($A22,0),Pipeline!$D:$D,"<>Perdida")) | C22: =IF($A22="","",SUMIFS(Pipeline!$E:$E,Pipeline!$H:$H,">="&$A22,Pipeline!$H:$H,"<="&EOMONTH($A22,0),Pipeline!$D:$D,"<>Perdida")) | D22: =IF($A22="","",SUMIFS(Pipeline!$G:$G,Pipeline!$H:$H,">="&$A22,Pipeline!$H:$H,"<="&EOMONTH($A22,0))) | E22: =IF($A22="","",SUMIFS(Pipeline!$E:$E,Pipeline!$H:$H,">="&$A22,Pipeline!$H:$H,"<="&EOMONTH($A22,0),Pipeline!$D:$D,"Apartado")+SUMIFS(Pipeline!$E:$E,Pipeline!$H:$H,">="&$A22,Pipeline!$H:$H,"<="&EOMONTH($A22,0),Pipeline!$D:$D,"Venta")) | G22: =IF(OR($A22="",F22=""),"",D22-F22)
B23: =IF($A23="","",COUNTIFS(Pipeline!$H:$H,">="&$A23,Pipeline!$H:$H,"<="&EOMONTH($A23,0),Pipeline!$D:$D,"<>Perdida")) | C23: =IF($A23="","",SUMIFS(Pipeline!$E:$E,Pipeline!$H:$H,">="&$A23,Pipeline!$H:$H,"<="&EOMONTH($A23,0),Pipeline!$D:$D,"<>Perdida")) | D23: =IF($A23="","",SUMIFS(Pipeline!$G:$G,Pipeline!$H:$H,">="&$A23,Pipeline!$H:$H,"<="&EOMONTH($A23,0))) | E23: =IF($A23="","",SUMIFS(Pipeline!$E:$E,Pipeline!$H:$H,">="&$A23,Pipeline!$H:$H,"<="&EOMONTH($A23,0),Pipeline!$D:$D,"Apartado")+SUMIFS(Pipeline!$E:$E,Pipeline!$H:$H,">="&$A23,Pipeline!$H:$H,"<="&EOMONTH($A23,0),Pipeline!$D:$D,"Venta")) | G23: =IF(OR($A23="",F23=""),"",D23-F23)
B24: =IF($A24="","",COUNTIFS(Pipeline!$H:$H,">="&$A24,Pipeline!$H:$H,"<="&EOMONTH($A24,0),Pipeline!$D:$D,"<>Perdida")) | C24: =IF($A24="","",SUMIFS(Pipeline!$E:$E,Pipeline!$H:$H,">="&$A24,Pipeline!$H:$H,"<="&EOMONTH($A24,0),Pipeline!$D:$D,"<>Perdida")) | D24: =IF($A24="","",SUMIFS(Pipeline!$G:$G,Pipeline!$H:$H,">="&$A24,Pipeline!$H:$H,"<="&EOMONTH($A24,0))) | E24: =IF($A24="","",SUMIFS(Pipeline!$E:$E,Pipeline!$H:$H,">="&$A24,Pipeline!$H:$H,"<="&EOMONTH($A24,0),Pipeline!$D:$D,"Apartado")+SUMIFS(Pipeline!$E:$E,Pipeline!$H:$H,">="&$A24,Pipeline!$H:$H,"<="&EOMONTH($A24,0),Pipeline!$D:$D,"Venta")) | G24: =IF(OR($A24="",F24=""),"",D24-F24)
B25: =IF($A25="","",COUNTIFS(Pipeline!$H:$H,">="&$A25,Pipeline!$H:$H,"<="&EOMONTH($A25,0),Pipeline!$D:$D,"<>Perdida")) | C25: =IF($A25="","",SUMIFS(Pipeline!$E:$E,Pipeline!$H:$H,">="&$A25,Pipeline!$H:$H,"<="&EOMONTH($A25,0),Pipeline!$D:$D,"<>Perdida")) | D25: =IF($A25="","",SUMIFS(Pipeline!$G:$G,Pipeline!$H:$H,">="&$A25,Pipeline!$H:$H,"<="&EOMONTH($A25,0))) | E25: =IF($A25="","",SUMIFS(Pipeline!$E:$E,Pipeline!$H:$H,">="&$A25,Pipeline!$H:$H,"<="&EOMONTH($A25,0),Pipeline!$D:$D,"Apartado")+SUMIFS(Pipeline!$E:$E,Pipeline!$H:$H,">="&$A25,Pipeline!$H:$H,"<="&EOMONTH($A25,0),Pipeline!$D:$D,"Venta")) | G25: =IF(OR($A25="",F25=""),"",D25-F25)

Sheet Cómo usar
A1: Plantilla de Flow Estate
A2: Guía completa: https://flowestate.app/blog/pronostico-de-ventas-inmobiliarias/
A4: 1. Hoja Pipeline: carga una fila por oportunidad abierta. Elige la etapa de la lista; la probabilidad y el valor ponderado se calculan solos.
A5: 2. Valor: el monto de la oportunidad (precio de la unidad). Si pronosticas comisiones, carga la comisión esperada en su lugar.
A6: 3. Mes estimado de cierre: escribe cualquier fecha dentro del mes en que esperas cerrar la oportunidad.
A7: 4. Hoja Probabilidades: reemplaza las probabilidades de ejemplo por las tuyas. Para cada etapa: oportunidades que llegaron a esa etapa y terminaron en venta ÷ oportunidades que llegaron a esa etapa.
A8: 5. Si cambias el nombre de una etapa, cámbialo igual en la hoja Probabilidades y en la lista de la columna Etapa de la hoja Pipeline (Datos > Validación de datos). No cambies los nombres Apartado, Venta y Perdida: la hoja Resumen los usa en sus fórmulas.
A9: 6. Hoja Resumen: la columna Mes debe tener el día 1 de cada mes. Cambia los meses para que empiecen en el mes actual y escribe tu objetivo en Meta del mes.
A10: 7. Apartado o vendido es el escenario conservador; Pronóstico ponderado es el escenario esperado.
A11: 8. Revisa el pipeline cada semana: actualiza etapas y fechas. Cuando una oportunidad se vende, cámbiala a Venta en lugar de borrarla (cuenta completa en su mes); si ya no avanza, márcala como Perdida (pesa cero).
A13: Las filas de ejemplo (Proyecto Ejemplo, Lead 1, Asesor 1…) son ficticias: bórralas antes de cargar tus datos. No borres los títulos ni las fórmulas.
